 Dungeon Crawl Stone Soup version 0.32-a0-799-g95e1662365 (webtiles) character file.

Game seed: 5685143384445308916

4149 Shayle the Fighter (level 10, -11/85 HPs)
             Began as a Coglin Alchemist on Mar 22, 2024.
             Mangled by a two-headed ogre
             ... wielding a +0 giant club
              (30 damage)
             ... on level 7 of the Dungeon.
             The game lasted 00:34:28 (9199 turns).

Shayle the Fighter (Coglin Alchemist)               Turns: 9199, Time: 00:34:29

Health: -11/85     AC:  7    Str:  8    XL:     10   Next: 27%
Magic:  9/12       EV: 11    Int: 20    God:
Gold:   317        SH:  0    Dex: 14    Spells: 2/12 levels left

rFire   . . .        j - +1 dagger (speed) {Fernando}
rCold   . . .        t - +2 spear (heavy) {Gurmehar}
rNeg    . . .        a - +0 robe
rPois   .            h - +1 helmet
rElec   .            n - +0 cloak
rCorr   .            p - +0 pair of gloves
SInv    .            q - +0 pair of boots
Will    .....        (amulet unavailable)
Stlth   ++           (ring unavailable)
HPRegen 0.34/turn    (ring unavailable)
MPRegen 0.13/turn    (no gizmo)

%: no passive effects
@: on berserk cooldown, revved
A: off-hand wielding, slow wielding, warmup strikes, no jewellery
a: Invent Gizmo


You were on level 7 of the Dungeon.
You visited 1 branch of the dungeon, and saw 8 of its levels.

You collected 317 gold pieces.

Inventory:

Hand Weapons
 i - a +0 sling
 j - a +1 dagger of speed (weapon) {Fernando}
 t - a +2 heavy spear (offhand) {Gurmehar}
Armour
 a - a +0 robe (worn)
 h - a +1 helmet (worn)
 n - a +0 cloak (worn)
 p - a +0 pair of gloves (worn)
 q - a +0 pair of boots (worn)
Scrolls
 e - a scroll of teleportation
 o - a scroll of poison
 s - 3 scrolls of amnesia
Potions
 b - a potion of magic
 c - 2 potions of haste
 k - a potion of resistance {unknown}
 l - a potion of lignification
 m - a potion of brilliance


   Skills:
 + Level 9.9 Fighting
 + Level 9.1 Ranged Weapons
 - Level 1.7 Dodging
 - Level 1.5 Stealth
 - Level 1.7 Spellcasting
 - Level 0.8 Conjurations
 + Level 5.4 Alchemy


You had 2 spell levels left.
You knew the following spells:

 Your Spells              Type           Power      Damage    Failure   Level
a - Sting                 Conj/Alch      56%        1d6       4%          1
b - Mephitic Cloud        Conj/Alch/Air  10%        N/A       21%         3
c - Olgreb's Toxic Radia  Alch           23%        N/A       17%         4
d - Blink                 Tloc           2%         N/A       24%         2

Your spell library contained the following spells:

 Spells                   Type           Power      Damage    Failure   Level
 Mercury Vapours          Alch/Air       24%        N/A       9%          2
 Momentum Strike          Conj/Tloc      6%         3d8       21%         2
 Lesser Beckoning         Tloc           2%         N/A       24%         2
 Sticky Flame             Fire/Alch      12%        2d5       47%         4


Dungeon Overview and Level Annotations

Branches:
Dungeon (8/15)
 Temple: D:4-7         Lair: D:8-11

Altars:
Dithmenos
Fedhas
Nemelex Xobeh
Wu Jian
The Shining One

Annotations:
D:2 Terence
D:6 3 runed translucent doors, BigDaddyOpFi's ghost, novice CoFi


Innate Abilities, Weirdness & Mutations

You can wield a second weapon in your off-hand.
It takes a long time for you to wield or remove held weapons.
Your first few attacks do less damage.
You cannot equip rings or amulets.


Message History

The shadow is heavily damaged.
You hit the shadow but do no damage. The shadow hits you!
Unknown command.
You hit the shadow but do no damage.
The shadow is heavily damaged.
You hit the shadow but do no damage.
You feel yourself speed up. The shadow barely misses you.
The two-headed ogre hits the shadow with a +0 giant club!!
The shadow is destroyed!
Okay, then.
You hit the two-headed ogre with your +2 heavy spear.
The two-headed ogre is lightly wounded.
You hit the two-headed ogre with your +1 dagger of speed.
The two-headed ogre barely misses you.
The two-headed ogre hits you with a +0 giant spiked club!!
* * * LOW HITPOINT WARNING * * *
Unknown command.
Hit: j) +1 dagger (speed) {Fernando}
Press: ? - help, Dir - move target, f - two-headed ogre, p - orc
Aim: a two-headed ogre, wielding a +0 giant club and a +0 giant spiked club (lightly wounded, confused, about 12% to evade your +1 dagger of speed)
You reach to attack!
You completely miss the two-headed ogre with your +2 heavy spear.
Throw: dart (curare)
Press: ? - help, Q - select action, (/) - cycle Shift-Dir - straight line, f/p - two-headed ogre
Aim: a two-headed ogre, wielding a +0 giant club and a +0 giant spiked club (lightly wounded, confused, 86% to hit)
You throw a curare-tipped dart.
The curare-tipped dart hits the two-headed ogre.
The two-headed ogre is poisoned.
The two-headed ogre struggles to breathe.
The two-headed ogre seems to slow down.
The two-headed ogre is moderately wounded.
The two-headed ogre seems less confused.
Unknown command.
You barely miss the two-headed ogre with your +1 dagger of speed.
The two-headed ogre is moderately wounded.
You hit the two-headed ogre but do no damage.
The two-headed ogre barely misses you.
The two-headed ogre hits you with a +0 giant spiked club!!
You die...

#...).# #...'..
########.....# #...#..
.............# #####..
#.............# #....##
#.............# #....#.
#.............# #....#.
#.............# #....#.
#.............# #....#.
#.......@O....# #....#.
#....#+##.(...# #....#.
#....'..+.o...# #....#.
..!.....#..#.....### #....#.
...................###....#.
.#...#...#...#...#........#.
..#.#O..#!#...#.#.........'.
..o#...#...#...#..........#.
o.O....................)..##


You could see a two-headed ogre (very poisoned, slow) and an orc (confused).

Vanquished Creatures
  A boulder beetle (D:7)
  A hornet (D:7)
  A shadow (D:7)
  5 yaks
  A steam dragon (D:7)
  A water moccasin (D:6)
  3 ice beasts
  2 sky beasts
  A black bear (D:5)
  2 ogres (D:5)
  2 centaurs (D:7)
  A phantom (D:6)
  4 bullfrogs (D:6)
  2 kobold brigands
  2 scorpions (D:7)
  4 killer bees (D:8)
  3 howler monkeys
  A bombardier beetle (D:5)
  2 jellies
  2 sleepcaps (D:6)
  An orc priest (D:4)
  An iguana (D:7)
  An orc wizard (D:4)
  4 gnolls (D:4)
  Robin (D:2)
  6 adders
  A shadow imp (D:7)
  6 ufetubi
  13 orcs
  2 bats
  8 endoplasms
  4 giant cockroaches
  15 goblins
  5 hobgoblins
  12 jackals
  6 quokkas
  14 ball pythons
  3 frilled lizards
  16 kobolds
  5 rats
165 creatures vanquished.

Notes
Turn   | Place    | Note
-------+----------+-------------------------------------------
     0 | D:1      | Shayle the Coglin Alchemist began the quest for the Orb.
     0 | D:1      | Reached XP level 1. HP: 13/13 MP: 3/3
   234 | D:1      | Reached skill level 1 in Fighting
   234 | D:1      | Reached XP level 2. HP: 21/21 MP: 2/4
   291 | D:1      | Reached skill level 1 in Ranged Weapons
   963 | D:2      | Reached XP level 3. HP: 25/27 MP: 5/5
  1050 | D:2      | Noticed Robin
  1178 | D:1      | Learned a level 3 spell: Mephitic Cloud
  1428 | D:2      | Killed Robin
  1429 | D:2      | Reached XP level 4. HP: 18/34 MP: 2/6
  1612 | D:2      | Noticed Terence
  2720 | D:3      | Reached XP level 5. HP: 35/41 MP: 7/7
  2804 | D:3      | Found a glowing golden altar of the Shining One.
  3299 | D:4      | Reached XP level 6. HP: 34/48 MP: 2/8
  3849 | D:5      | Entered Level 5 of the Dungeon
  3938 | D:5      | Noticed a black bear
  3940 | D:5      | Noticed an ice beast
  3954 | D:5      | Killed an ice beast
  3955 | D:5      | Killed a black bear
  3956 | D:5      | Reached XP level 7. HP: 54/55 MP: 2/9
  4395 | D:5      | Reached skill level 5 in Fighting
  4566 | D:5      | HP: 1/56 [ogre/+0 giant spiked club (33)]
  5280 | D:5      | Reached skill level 5 in Ranged Weapons
  5502 | D:6      | Found a runed translucent gate.
  5502 | D:6      | Found a runed translucent gate.
  5502 | D:6      | Found a runed translucent gate.
  5795 | D:6      | Noticed a yak
  5796 | D:6      | Noticed a yak
  5818 | D:6      | Noticed a yak
  5819 | D:6      | Noticed a yak
  5831 | D:5      | Killed a yak
  5832 | D:5      | Reached XP level 8. HP: 40/64 MP: 4/10
  6589 | D:6      | Noticed a yak
  6603 | D:6      | Killed a yak
  6610 | D:6      | Killed a yak
  6825 | D:6      | Killed a yak
  6826 | D:6      | Reached XP level 9. HP: 67/74 MP: 2/11
  7118 | D:6      | Noticed BigDaddyOpFi's ghost (novice CoFi)
  7242 | D:7      | Noticed a hornet
  7256 | D:7      | Killed a hornet
  7345 | D:7      | Found a shadowy altar of Dithmenos.
  7536 | D:7      | Noticed a boulder beetle
  8031 | D:7      | Noticed a two-headed ogre
  8128 | D:6      | Learned a level 4 spell: Olgreb's Toxic Radiance
  8316 | D:7      | Killed a boulder beetle
  8317 | D:7      | Reached XP level 10. HP: 30/83 MP: 0/12
  8706 | D:8      | Learned a level 2 spell: Blink
  8749 | D:7      | Reached skill level 5 in Alchemy
  8954 | D:7      | Found a sparkling altar of Nemelex Xobeh.
  8955 | D:7      | Found an ornate altar of the Wu Jian Council.
  8959 | D:7      | Found a blossoming altar of Fedhas.
  9199 | D:7      | Mangled by a two-headed ogre

Illustrated notes

Levels and vault maps discovered:
D:1:      evilmike_arrival_plus, layout_basic
D:2:      layout_loops_ring, minmay_circle_x, uniq_robin, uniq_terence
D:3:      layout_loops_cross, tso_altar
D:4:      layout_loops_ring
D:5:      layout_cave_pods
D:6:      layout_cave_pools, gammafunk_ghost_icy
D:7:      cheibrodos_fzero, layout_gridville, grunt_temple_overflow_open,
          minmay_temple_entry_large_hall
D:8:      wander_river, layout_rooms, lemuel_tele_altar

Skill      XL: |  1  2  3  4  5  6  7  8  9 10 |
---------------+-------------------------------+-----
Fighting       | 1 2 3 4 6 7 9 |  9.9
Ranged Weapons | 1 2 3 4 5 7 8 9 |  9.1
Alchemy        | 4 5 |  5.4
Dodging        | |  1.7
Stealth        | |  1.5
Spellcasting   | |  1.7
Conjurations   | |  0.8

Action                     |  1- 3 |  4- 6 |  7- 9 | 10-12 || total
---------------------------+-------+-------+-------+-------++-------
  Melee: Unarmed           |     5 |       |       |       ||     5
         Dagger            |    70 |   151 |   260 |    53 ||   534
         Mace              |    52 |   149 |   254 |    17 ||   472
         Spear             |       |       |       |    38 ||    38
  Throw: Dart              |       |       |       |     1 ||     1
   Cast: Sting             |    28 |     5 |    41 |    12 ||    86
         Mephitic Cloud    |       |     9 |    24 |     8 ||    41
  Evoke: Wand              |       |     1 |     7 |       ||     8
    Use: Scroll            |     3 |     2 |     2 |     2 ||     9
         Potion            |     1 |     2 |     4 |       ||     7
   Stab: Sleeping          |     3 |     2 |     2 |       ||     7
         Confused          |       |     7 |    19 |     7 ||    33
 Armour: Robe              |    50 |    89 |   249 |    55 ||   443
         Skin              |    14 |    16 |    28 |     2 ||    60
  Dodge: Dodged            |    66 |    67 |   218 |    44 ||   395

Table legend: (Time is in decaauts)
 A = Elapsed time spent in this place.
 B = Non-inter-level travel time spent in this place.
 C = Inter-level travel time spent in this place.
 D = Time resting spent in this place.
 E = Time spent auto-exploring this place.
 F = Levels seen in this place.
 G = Mean time per level.
                   A        B        C        D        E       F      G
               +--------+--------+--------+--------+--------+-----+--------+
         Total |   9258 |   8767 |    491 |   2889 |   3881 |   8 | 1157.2 |
       Dungeon |   9258 |   8767 |    491 |   2889 |   3881 |   8 | 1157.2 |
               +--------+--------+--------+--------+--------+-----+--------+

Top non-repeatable levels by time:
     D:5: 2140 daAuts
     D:6: 2087 daAuts
     D:1: 1095 daAuts
     D:4: 1056 daAuts
     D:2: 1008 daAuts
     D:7: 766 daAuts
     D:3: 747 daAuts
     D:8: 356 daAuts
